PBL
OAKLAND ATHLETICS @ SEATTLE MARINERS
10/03/2070
 
TOP OF THE 1ST
Oakland Athletics batting - Pitching for Seattle Mariners : LHP Jesús Torrez
Pitching: LHP Jesús Torrez
Batting: RHB Ed Burch 0-0: Called Strike
0-1: DOUBLE (Groundball, 3L, EV 102.5 MPH)
Batting: LHB Yang-cheng Hsueh 0-0: Ball
1-0: Foul Ball, location: 7LMFF
1-1: Called Strike
1-2: Ball
2-2: Fly out, F5 (Popup, 5SF, EV 80.0 MPH)
Batting: LHB Félix Castillo 0-0: Called Strike
0-1: Swinging Strike
0-2: Strikes out swinging
Batting: RHB Rick Dixon 0-0: Foul Ball, location: 2F
0-1: Ball
1-1: Foul Ball, location: 2F
1-2: Foul Ball, location: 9LSF
1-2: Fly out, F6 (Line Drive, 6, EV 63.1 MPH)
Top of the 1st over - 0 runs, 1 hit, 0 errors, 1 left on base; Oakland 0 - Seattle 0
BOTTOM OF THE 1ST
Seattle Mariners batting - Pitching for Oakland Athletics : RHP Michael Walker
Pitching: RHP Michael Walker
Batting: LHB Rob Altobelli 0-0: Called Strike
0-1: Swinging Strike
0-2: Fly out, F9 (Flyball, 89D, EV 98.1 MPH)
Batting: RHB Ralph Irwin 0-0: Ball
1-0: Swinging Strike
1-1: Swinging Strike
1-2: Strikes out swinging
Batting: SHB Nathan Martin 0-0: SINGLE (Line Drive, 78S, EV 90.6 MPH)
Batting: LHB Grady Arredondo 0-0: SINGLE (Groundball, 3S, EV 64.4 MPH) (infield hit)
Nathan Martin to second
Batting: SHB Pete Williams 0-0: Ball
1-0: Ball
2-0: Ball
3-0: Called Strike
3-1: Foul Ball, location: 9LSFF
3-2: Foul Ball, location: 2F
3-2: Strikes out looking
Bottom of the 1st over - 0 runs, 2 hits, 0 errors, 2 left on base; Oakland 0 - Seattle 0
TOP OF THE 2ND
Oakland Athletics batting - Pitching for Seattle Mariners : LHP Jesús Torrez
Batting: LHB Eric Dodd 0-0: Ball
1-0: Foul Ball, location: 7LDF
1-1: Ball
2-1: Ball
3-1: Base on Balls
Batting: LHB José Pelingo 0-0: Grounds into double play, 6-4-3 (Groundball, 6, EV 91.3 MPH)
Batting: LHB Roger McElroy 0-0: Ball
1-0: Swinging Strike
1-1: Foul Ball, location: 5F
1-2: Ball
2-2: Strikes out swinging
Top of the 2nd over - 0 runs, 0 hits, 0 errors, 0 left on base; Oakland 0 - Seattle 0
BOTTOM OF THE 2ND
Seattle Mariners batting - Pitching for Oakland Athletics : RHP Michael Walker
Batting: RHB Ronald McDonald 0-0: Swinging Strike
0-1: Ball
1-1: Foul Ball, location: 2F
1-2: Foul Ball, location: 2F
1-2: Ball
2-2: Ball
3-2: SINGLE (Groundball, 6MD, EV 103.1 MPH)
Batting: RHB Mark Taylor 0-0: Swinging Strike
0-1: Ball
1-1: Swinging Strike
1-2: Ball
2-2: DOUBLE (Line Drive, 7LS, EV 87.5 MPH)
Ronald McDonald to third
Runner from 3rd tries for Home, SAFE, no throw by LF
Batting: RHB Raúl Contreras 0-0: Called Strike
0-1: Ball
1-1: Ball
2-1: SINGLE (Groundball, 6M, EV 101.3 MPH) (infield hit)
Mark Taylor to third
Batting: SHB Nick Manning 0-0: Called Strike
0-1: Foul Ball, location: 25FF
0-2: Strikes out looking
Batting: LHB Rob Altobelli 0-0: Ball
1-0: Swinging Strike
1-1: DOUBLE (Line Drive, 7LM, EV 105.6 MPH)
Mark Taylor scores
Raúl Contreras to third
Runner from 3rd tries for Home, SAFE, no throw by LF
Batting: RHB Ralph Irwin 0-0: SINGLE (Groundball, 6M, EV 108.1 MPH) (infield hit)
Rob Altobelli to third
Batting: SHB Nathan Martin 0-0: Ball
1-0: Ball
2-0: Swinging Strike
2-1: Ball
3-1: Fly out, F8 (Line Drive, 89M, EV 89.4 MPH)
Runner from 3rd tags up, SCORES, throw by CF
Batting: LHB Grady Arredondo 0-0: Called Strike
0-1: Fielders Choice at 2nd, 6-4 (Groundball, 6, EV 66.9 MPH)
Bottom of the 2nd over - 4 runs, 5 hits, 0 errors, 1 left on base; Oakland 0 - Seattle 4
TOP OF THE 3RD
Oakland Athletics batting - Pitching for Seattle Mariners : LHP Jesús Torrez
Batting: RHB Tom Yarbrough 0-0: Ball
1-0: Swinging Strike
1-1: Ball
2-1: Foul Ball, location: 2F
2-2: SINGLE (Groundball, 4MD, EV 95.6 MPH)
Batting: RHB Matt Farley 0-0: Swinging Strike
0-1: Ball
1-1: Foul Ball, location: 9LDF
1-2: SINGLE (Line Drive, 8LS, EV 97.5 MPH)
Tom Yarbrough to second
Batting: RHB Ed Burch 0-0: Swinging Strike
0-1: Swinging Strike
0-2: Strikes out swinging
Batting: LHB Yang-cheng Hsueh 0-0: SINGLE (Groundball, 56D, EV 98.8 MPH)
Tom Yarbrough to third
Matt Farley to second
Batting: LHB Félix Castillo 0-0: SINGLE (Line Drive, 8LS, EV 102.5 MPH)
Tom Yarbrough scores
Matt Farley to third
Yang-cheng Hsueh to second
Runner from 3rd tries for Home, throw by CF and OUT! 8-2
Batting: RHB Rick Dixon 0-0: Ball
1-0: Ball
2-0: Called Strike
2-1: Called Strike
2-2: Strikes out swinging
Top of the 3rd over - 1 run, 4 hits, 0 errors, 2 left on base; Oakland 1 - Seattle 4
BOTTOM OF THE 3RD
Seattle Mariners batting - Pitching for Oakland Athletics : RHP Michael Walker
Batting: SHB Pete Williams 0-0: Ball
1-0: Called Strike
1-1: Ground out 6-3 (Groundball, 56, EV 86.9 MPH)
Batting: RHB Ronald McDonald 0-0: Foul Ball, location: 2F
0-1: Ball
1-1: Ground out 6-3 (Groundball, 56, EV 101.3 MPH)
Batting: RHB Mark Taylor 0-0: Ball
1-0: Called Strike
1-1: Foul Ball, location: 23F
1-2: Strikes out swinging
Bottom of the 3rd over - 0 runs, 0 hits, 0 errors, 0 left on base; Oakland 1 - Seattle 4
TOP OF THE 4TH
Oakland Athletics batting - Pitching for Seattle Mariners : LHP Jesús Torrez
Batting: LHB Eric Dodd 0-0: Foul Ball, location: 25F
0-1: SOLO HOME RUN (Flyball, 9D, EV 96.9 MPH), Distance : 384 ft
Batting: LHB José Pelingo 0-0: Called Strike
0-1: Swinging Strike
0-2: Ground out 6-3 (Groundball, 6, EV 86.3 MPH)
Batting: LHB Roger McElroy 0-0: Ball
1-0: Ground out 4-3 (Groundball, 4, EV 90.6 MPH)
Batting: RHB Tom Yarbrough 0-0: Swinging Strike
0-1: Ball
1-1: Ball
2-1: Foul Ball, location: 23F
2-2: Ground out 6-3 (Groundball, 56, EV 103.8 MPH)
Top of the 4th over - 1 run, 1 hit, 0 errors, 0 left on base; Oakland 2 - Seattle 4
BOTTOM OF THE 4TH
Seattle Mariners batting - Pitching for Oakland Athletics : RHP Michael Walker
Batting: RHB Raúl Contreras 0-0: Foul Ball, location: 3F
0-1: SINGLE (Line Drive, 7S, EV 89.4 MPH)
Batting: SHB Nick Manning 0-0: Foul Ball, location: 7LMF
0-1: Bunt missed!
0-2: Grounds into double play, 4-6-3 (Groundball, 4, EV 87.5 MPH)
Batting: LHB Rob Altobelli 0-0: Ball
1-0: Foul Ball, location: 23F
1-1: Ball
2-1: Foul Ball, location: 2F
2-2: Foul Ball, location: 2F
2-2: Foul Ball, location: 2F
2-2: Fly out, F7 (Flyball, 7S, EV 89.4 MPH)
Bottom of the 4th over - 0 runs, 1 hit, 0 errors, 0 left on base; Oakland 2 - Seattle 4
TOP OF THE 5TH
Oakland Athletics batting - Pitching for Seattle Mariners : LHP Jesús Torrez
Batting: RHB Matt Farley 0-0: Foul Ball, location: 5F
0-1: Ball
1-1: Ball
2-1: Foul Ball, location: 3SF
2-2: Ground out 6-3 (Groundball, 6D, EV 86.9 MPH)
Batting: RHB Ed Burch 0-0: Ball
1-0: Foul Ball, location: 5FF
1-1: Called Strike
1-2: Foul Ball, location: 9LDF
1-2: Ball
2-2: Ball
3-2: Fly out, F9 (Line Drive, 9S, EV 85.0 MPH)
Batting: LHB Yang-cheng Hsueh 0-0: Called Strike
0-1: Swinging Strike
0-2: Ball
1-2: Ball
2-2: Strikes out looking
Top of the 5th over - 0 runs, 0 hits, 0 errors, 0 left on base; Oakland 2 - Seattle 4
BOTTOM OF THE 5TH
Seattle Mariners batting - Pitching for Oakland Athletics : RHP Michael Walker
Batting: RHB Ralph Irwin 0-0: Ball
1-0: Foul Ball, location: 9LSF
1-1: Ground out 6-3 (Groundball, 6, EV 81.3 MPH)
Batting: SHB Nathan Martin 0-0: Ball
1-0: Fly out, F7 (Flyball, 7D, EV 95.6 MPH)
Batting: LHB Grady Arredondo 0-0: Called Strike
0-1: Called Strike
0-2: Ball
1-2: Hit by Pitch
Batting: SHB Pete Williams 0-0: Called Strike
0-1: Ball
1-1: Ball
2-1: Ball
3-1: Base on Balls
Grady Arredondo to second
Batting: RHB Ronald McDonald 0-0: Called Strike
0-1: Fly out, F7 (Flyball, 7LM, EV 90.6 MPH)
Bottom of the 5th over - 0 runs, 0 hits, 0 errors, 2 left on base; Oakland 2 - Seattle 4
TOP OF THE 6TH
Oakland Athletics batting - Pitching for Seattle Mariners : LHP Jesús Torrez
Batting: LHB Félix Castillo 0-0: Ball
1-0: Called Strike
1-1: Ball
2-1: Foul Ball, location: 2F
2-2: Strikes out swinging
Batting: RHB Rick Dixon 0-0: Called Strike
0-1: Swinging Strike
0-2: Strikes out looking
Batting: LHB Eric Dodd 0-0: Ball
1-0: Foul Ball, location: 2F
1-1: Ball
2-1: Ground out 4-3 (Groundball, 4, EV 85.0 MPH)
Top of the 6th over - 0 runs, 0 hits, 0 errors, 0 left on base; Oakland 2 - Seattle 4
BOTTOM OF THE 6TH
Seattle Mariners batting - Pitching for Oakland Athletics : RHP Michael Walker
Batting: RHB Mark Taylor 0-0: SINGLE (Line Drive, 78M, EV 88.8 MPH)
Batting: RHB Raúl Contreras 0-0: Foul Ball, location: 25F
0-1: Ball
1-1: Called Strike
1-2: Strikes out swinging
Batting: SHB Nick Manning 0-0: Ball
Mark Taylor steals 2nd base
1-0: Foul Ball, location: 3F
1-1: SINGLE (Line Drive, 9S, EV 96.9 MPH)
Mark Taylor to third
Batting: LHB Rob Altobelli 0-0: Foul Ball, location: 2F
0-1: Ball
1-1: Swinging Strike
1-2: DOUBLE (Line Drive, 89M, EV 106.9 MPH)
Mark Taylor scores
Nick Manning to third
Runner from 3rd tries for Home, SAFE, throw by RF to home
Pitching: RHP Ignacio Salazar
Batting: RHB Ralph Irwin 0-0: Ball
Rob Altobelli steals 3rd base
1-0: Foul Ball, location: 2F
1-1: Ball
2-1: Foul Ball, location: 2F
2-2: Ground out 5-3 (Groundball, 56, EV 78.8 MPH)
Batting: SHB Nathan Martin 0-0: Ball
1-0: Ball
2-0: Single, Error in OF, E7, batter to second base (Line Drive, 56, EV 108.8 MPH)
Rob Altobelli scores
Batting: LHB Grady Arredondo 0-0: Intentional Walk
Batting: SHB Pete Williams 0-0: DOUBLE (Line Drive, 89D, EV 103.1 MPH)
Nathan Martin scores
Grady Arredondo to third
Runner from 3rd tries for Home, SAFE, throw by RF to trailing runner, OUT at third! 9-3-5
Bottom of the 6th over - 5 runs, 5 hits, 1 error, 0 left on base; Oakland 2 - Seattle 9
TOP OF THE 7TH
Oakland Athletics batting - Pitching for Seattle Mariners : LHP Jesús Torrez
Batting: LHB José Pelingo 0-0: Called Strike
0-1: Ball
1-1: Ball
2-1: Ball
3-1: Base on Balls
Pitching: LHP Tim Kemp
Pinch Hitting: RHB Roberto Morán 0-0: Foul Ball, location: 3FF
0-1: Called Strike
0-2: Foul Ball, location: 2F
0-2: Ball
1-2: Ball
2-2: Foul Ball, location: 9LMF
2-2: Ball
3-2: Ground out 5-3 (Groundball, 5S, EV 73.8 MPH)
José Pelingo to second
Batting: RHB Tom Yarbrough 0-0: Fly out, F8 (Line Drive, 8LS, EV 85.0 MPH)
Batting: RHB Matt Farley 0-0: Ball
1-0: Swinging Strike
1-1: Ball
2-1: Swinging Strike
2-2: Strikes out looking and he ARGUES THE CALL AND IS TOSSED!
Top of the 7th over - 0 runs, 0 hits, 0 errors, 1 left on base; Oakland 2 - Seattle 9
BOTTOM OF THE 7TH
Seattle Mariners batting - Pitching for Oakland Athletics : RHP Ignacio Salazar
Now at 3B: José Delgado
Now in CF: Roberto Morán
Batting: RHB Ronald McDonald 0-0: Ball
1-0: Ball
2-0: Called Strike
2-1: Ball
3-1: Swinging Strike
3-2: Strikes out swinging
Batting: RHB Mark Taylor 0-0: Called Strike
0-1: Foul Ball, location: 2F
0-2: Ball
1-2: Foul Ball, location: 5F
1-2: Strikes out swinging, 2-3 out at first.
Batting: RHB Raúl Contreras 0-0: Hit by Pitch
Batting: SHB Nick Manning 0-0: Ground out 3-1 (Groundball, 34, EV 101.3 MPH)
Bottom of the 7th over - 0 runs, 0 hits, 0 errors, 1 left on base; Oakland 2 - Seattle 9
TOP OF THE 8TH
Oakland Athletics batting - Pitching for Seattle Mariners : LHP Tim Kemp
Batting: RHB Ed Burch 0-0: Ground out 6-3 (Groundball, 6, EV 90.0 MPH)
Pinch Hitting: RHB Mark Ávila 0-0: Ball
1-0: Foul Ball, location: 25F
1-1: Ball
2-1: Foul Ball, location: 3SF
2-2: Foul Ball, location: 2RF
2-2: Foul Ball, location: 2LF
2-2: Fly out, F4 (Popup, 4, EV 64.4 MPH)
Batting: LHB Félix Castillo 0-0: Ball
1-0: Called Strike
1-1: Foul Ball, location: 2F
1-2: Ball
2-2: Foul Ball, location: 9LSFF
2-2: Foul Ball, location: 2F
2-2: Foul Ball, location: 3FF
2-2: Foul Ball, location: 7LSF
2-2: Fly out, F9 (Flyball, 9D, EV 100.6 MPH)
Top of the 8th over - 0 runs, 0 hits, 0 errors, 0 left on base; Oakland 2 - Seattle 9
BOTTOM OF THE 8TH
Seattle Mariners batting - Pitching for Oakland Athletics : RHP Ignacio Salazar
Now at SS: Mark Ávila
Batting: LHB Rob Altobelli 0-0: Called Strike
0-1: Fly out, F4 (Flyball, 34D, EV 84.4 MPH)
Batting: RHB Ralph Irwin 0-0: Called Strike
0-1: Ball
1-1: Fly out, F2 (Popup, 2LF, EV 82.5 MPH)
Batting: SHB Nathan Martin 0-0: Fly out, F9 (Flyball, 89M, EV 97.5 MPH)
Bottom of the 8th over - 0 runs, 0 hits, 0 errors, 0 left on base; Oakland 2 - Seattle 9
TOP OF THE 9TH
Oakland Athletics batting - Pitching for Seattle Mariners : LHP Tim Kemp
Pitching: RHP Ryan Ankenman
Batting: RHB Rick Dixon 0-0: Ball
1-0: Swinging Strike
1-1: Swinging Strike
1-2: Strikes out swinging
Batting: LHB Eric Dodd 0-0: Fly out, F9 (Flyball, 9LM, EV 103.8 MPH)
Batting: LHB José Pelingo 0-0: Called Strike
0-1: Swinging Strike
0-2: Strikes out looking
Top of the 9th over - 0 runs, 0 hits, 0 errors, 0 left on base; Oakland 2 - Seattle 9
Thursday, February 22nd , 2024 - OOTP Baseball 24.11 Build 85